[Event "1000GM Schev-C-A February 2024"]
[Site "Santa Clara"]
[Date "2024.02.24"]
[Round "1.1"]
[White "Tang, Dylan"]
[Black "Zuluaga Mancilla, Cesar"]
[Result "1-0"]
[ECO "B41"]
[WhiteElo "2206"]
[BlackElo "2251"]
[Annotator "TA"]
[PlyCount "62"]
[EventDate "2024.02.13"]
[EventType "schev"]
[EventCountry "USA"]
[SourceTitle "playchess.com"]
[Source "ChessBase"]
[SourceQuality "1"]
[TimeControl "5400+30"]

1. e4 c5 2. Nf3 e6 3. d4 cxd4 4. Nxd4 a6 5. c4 Nf6 6. Nc3 Qc7 7. a3 Nc6 8. Be3 Ne5 9. Rc1 Neg4 10. Bg5 h6 11. Bh4 {[%emt 0:00:40] White is better.} d6 12. Be2 g5 13. Bg3 Ne5 14. h4 {[%emt 0:11:38] Hoping for hxg5.} Rg8 15. hxg5 hxg5 16. b4 Bd7 17. Nb3 b6 (17... Nxc4 $2 18. Bxc4 Qxc4 19. Na5 $18) (17... Ng6 $1 $14) 18. Qd4 $16 Be7 {[%emt 0:02:30] [#]} 19. c5 $1 Nc6 (19... bxc5 20. bxc5) 20. Qd2 {[%emt 0:00:00] White has more active pieces.} bxc5 21. Nxc5 Bc8 22. b5 Nb8 (22... Ne5) 23. Nxa6 $2 (23. bxa6 $18 {has better winning chances.} Nxa6 (23... Qxc5 $2 24. Nb5 $18) 24. Nb5) 23... Nxa6 24. bxa6 (24. Nd5 Qd7 $18) 24... Qb6 (24... Qd8 $16 25. e5 (25. Bb5+ Kf8 $16) 25... dxe5) 25. Nb5 $18 {[%emt 0:00:00] And now Nc7+ would win.} Nxe4 $2 {[%emt 0:03:30] [#]} (25... Bxa6 26. Nc7+ (26. Nxd6+ Bxd6 27. Qxd6 Qa5+ 28. Qb4 Qxb4+ 29. axb4 Bxe2 $14) 26... Kd7) 26. Qb4 $1 {[%emt 0:03:30] aiming for Nc7+.} Nxg3 27. Nc7+ (27. fxg3 d5 (27... Bxa6 $2 {is the wrong capture.} 28. Nc7+ $18) 28. Qc3 Bd8 $18 (28... Qxa6 $2 {loses.} 29. Nc7+ Kf8 30. Bxa6 $18)) 27... Qxc7 28. Rxc7 Nxh1 29. Qb5+ Kd8 30. Qc6 g4 31. Bb5 Bf8 {[%emt 0:03:00] Weighted Error Value: White=0.18 (very precise) /Black=0.66.  Missed win:     	White=1     	---        Mistake:       	---       	Black=4      Inaccurate:     	---       	Black=2      OK:         	White=9     	Black=4      Best:        	---       	Black=1      Strong:       	White=1     	---        Brilliant:      	White=1     	---} 1-0

[Event "1000GM Schev-C-A February 2024"]
[Site "Santa Clara"]
[Date "2024.02.24"]
[Round "1.2"]
[White "Min, Ryan"]
[Black "Delgado Ramirez, Neuris"]
[Result "0-1"]
[ECO "E40"]
[WhiteElo "2063"]
[BlackElo "2517"]
[Annotator "TA"]
[PlyCount "80"]
[EventDate "2024.02.13"]
[EventType "schev"]
[EventCountry "USA"]
[SourceTitle "playchess.com"]
[Source "ChessBase"]
[SourceQuality "1"]
[TimeControl "5400+30"]

1. d4 Nf6 2. c4 e6 3. Nc3 Bb4 4. e3 c6 5. Bd3 d5 6. cxd5 exd5 7. Nge2 Bd6 8. f3 {[%emt 0:06:02] White has an edge.} c5 9. O-O Nc6 10. Kh1 a6 11. dxc5 Bxc5 12. e4 dxe4 13. Nxe4 Be7 14. N2c3 O-O 15. Bf4 Be6 16. Ng5 Bd7 17. Bc4 (17. Re1 $142) 17... Na5 18. Bd5 Nxd5 19. Nxd5 {[%emt 0:05:04] Black keeps a firm grip on the game.} (19. Qxd5 $11 {keeps the balance.} h6 20. Nge4) 19... Bxg5 $17 {[%emt 0:00:56] This pair of bishops is nice.} 20. Bc7 {[%emt 0:00:07] [#]} Be6 $1 21. Bxd8 Raxd8 22. f4 Rxd5 23. Qf3 {[%emt 0:05:16] White is weak on the dark squares} Bf6 24. Rad1 Rb5 25. b3 Nc6 26. Qe4 h5 27. f5 (27. Rd6 $142) 27... Bc8 28. Rd5 Rxd5 29. Qxd5 Rd8 30. Qf3 h4 31. Rd1 Nd4 32. Qe4 h3 (32... Bxf5 33. Qxb7 h3 34. gxh3 $19) 33. gxh3 Bd7 {[%emt 0:00:41] ...Bc6 would now be deadly.} (33... Bxf5 34. Qxb7 a5 (34... Bxh3 $2 35. Qxa6 Bg4 36. Rd2 $19) 35. a4 $19) 34. Rxd4 Bc6 (34... Bxd4 35. Qxb7 Bxf5 36. Kg2 $19) 35. Qxc6 ({Not} 35. Rxd8+ $2 Bxd8 $19) 35... bxc6 $19 {[%emt 0:00:07] KRB-KR} 36. Ra4 Rd5 37. Rxa6 c5 ({Don't play} 37... Rxf5 38. Rxc6 Rf2 39. Rc8+ Kh7 40. a4) 38. Ra5 Rxf5 39. b4 (39. Kg2 $142) 39... Bd4 {[%emt 0:00:05] ( -> ...Rg5)} 40. bxc5 Rg5 {[%emt 0:00:09] Weighted Error Value: White=0.42/Black=0.07 (flawless) .  Mistake:       	White=4     	---        Inaccurate:     	White=2     	Black=3      OK:         	White=11    	Black=17     Best:        	White=2     	Black=1      Strong:       	---       	Black=1} 0-1

[Event "1000GM Schev-C-A February 2024"]
[Site "Santa Clara"]
[Date "2024.02.24"]
[Round "1.3"]
[White "Atwell, Rose"]
[Black "Arenas, David"]
[Result "1/2-1/2"]
[ECO "C84"]
[WhiteElo "2104"]
[BlackElo "2406"]
[Annotator "TA"]
[PlyCount "75"]
[EventDate "2024.02.13"]
[EventType "schev"]
[EventCountry "USA"]
[SourceTitle "playchess.com"]
[Source "ChessBase"]
[SourceQuality "1"]
[TimeControl "5400+30"]

1. e4 e5 2. Nf3 Nc6 3. Bb5 a6 4. Ba4 Nf6 5. O-O Nxe4 6. d4 Be7 7. Re1 b5 8. Rxe4 (8. Nxe5 Nxe5 9. dxe5 Bb7 $11 (9... Nxf2 10. Qf3 $11)) (8. dxe5 Nxf2 9. Kxf2 bxa4 $15) 8... d5 9. Nxe5 Nxe5 10. Rxe5 {[%emt 0:00:21] White is slightly better.} bxa4 11. Nc3 O-O 12. Nxa4 Bd6 13. Re1 (13. Rxd5 Bxh2+ 14. Kxh2 Qxd5 $17) 13... Bf5 14. Nc3 c6 15. Ne2 Re8 16. c3 Bg4 {[%emt 0:05:49] [#] aiming for ...Qh4. This pair of bishops is nice.} 17. f3 Bf5 18. Ng3 Qh4 {[%emt 0:02:34] The position is equal.} 19. f4 Bxf4 20. Bxf4 Rxe1+ 21. Qxe1 Qxf4 22. Qe7 {[%emt 0:10:37] [#] Rf1 is the strong threat.} Be6 23. Rf1 Qb8 24. Nh5 Qd8 (24... Qxb2 25. Qg5 g6 26. Nf6+ Kf8 27. Qh6+ (27. Nxh7+ Kg7 $16) 27... Ke7 28. Qh4 $16 (28. Nxh7 Qxc3 29. Qf4 Rc8 $14)) 25. Qxd8+ Rxd8 $11 {[%emt 0:00:01][%mdl 4096] Endgame. KRB-KRN} 26. Re1 g5 27. Re5 h6 28. h4 gxh4 29. Nf4 Bg4 30. Nd3 Kf8 {[%emt 0:04:00] Dodges Re7} 31. Nc5 a5 32. Kf2 Rb8 33. b3 f6 34. Re1 Kf7 35. Rh1 Re8 36. Re1 {[%emt 0:00:42] Prevents Re2+} Rb8 37. Rh1 Re8 38. Re1 $1 {[%emt 0:00:16] Inhibits Re2+.   Weighted Error Value: White=0.04 (flawless) /Black=0.03 (flawless) .  Inaccurate:     	White=2     	---        OK:         	White=9     	Black=16     Best:        	White=1     	---        Strong:       	White=1     	---} (38. Rxh4 h5 (38... Re2+ $2 39. Kf1 $18) 39. a4 Re2+ 40. Kg1 Rc2 $17) 1/2-1/2

[Event "1000GM Schev-C-A February 2024"]
[Site "Santa Clara"]
[Date "2024.02.24"]
[Round "1.4"]
[White "Jimenez Garcia, Emmanuel"]
[Black "Rajaram, Rohan"]
[Result "1/2-1/2"]
[ECO "D12"]
[WhiteElo "2394"]
[BlackElo "2151"]
[Annotator "TA"]
[PlyCount "106"]
[EventDate "2024.02.13"]
[EventType "schev"]
[EventCountry "USA"]
[SourceTitle "playchess.com"]
[Source "ChessBase"]
[SourceQuality "1"]
[TimeControl "5400+30"]

1. Nf3 d5 2. e3 Nf6 3. c4 c6 4. d4 Bf5 5. Nc3 e6 6. Nh4 Bg4 7. Qb3 Qb6 8. h3 Bh5 9. g4 Bg6 10. Nxg6 hxg6 11. Bg2 Be7 12. g5 Nfd7 13. e4 dxc4 14. Qxc4 Na6 15. Be3 (15. O-O $142) 15... Qb4 (15... Qxb2 $11 16. Rb1 Nb6 17. Qxc6+ (17. Rxb2 $2 Nxc4 18. Rb3 e5 $19) 17... bxc6 18. Rxb2 e5) 16. Qxb4 $14 Nxb4 17. O-O-O {[%emt 0:00:39] Prevents Nc2} O-O-O (17... e5 $11 {remains equal.}) 18. f4 (18. h4 $16) 18... Nb6 19. Bf1 Kb8 20. a3 Na6 21. Be2 Nc7 22. Kc2 $36 {[%emt 0:01:16][%mdl 2048] White is pushing.} Nc8 23. h4 Nd6 24. Bf2 Ncb5 25. Bd3 Nxc3 26. bxc3 Rd7 27. c4 Rhd8 28. Kb3 (28. h5 $16) 28... b6 29. Rhe1 ({Better is} 29. Kc3 $16) 29... Nb7 $1 $11 30. Kb2 Bc5 {[%emt 0:01:38] The position is equal.} 31. dxc5 Rxd3 32. Kc2 Rxd1 (32... Rxa3 33. Rxd8+ (33. cxb6 $2 {loses.} Ra2+ 34. Kc3 Rxf2 $19) 33... Nxd8 34. Bd4 (34. cxb6 $2 Ra2+ 35. Kd3 Rxf2 $19)) (32... Nxc5 $2 33. Rxd3 Rxd3 (33... Nxd3 $2 34. Rd1 $18) 34. Bxc5 $18) 33. Rxd1 Rxd1 ({Don't play} 33... bxc5 $6 34. Rxd8+ Nxd8 35. Bxc5 $16) 34. Kxd1 bxc5 {[%emt 0:00:29][%mdl 4096] Endgame. KB-KN} 35. Kc2 Kc7 36. Be1 Nd6 37. Kd3 f5 38. exf5 exf5 39. Bc3 Ne8 40. Be5+ Kc8 41. Ke3 Kd7 42. Kf3 Ke6 43. Ke3 Kd7 44. a4 a6 45. Kf3 Ke6 46. Kg3 Kf7 47. Kh3 Kg8 48. Kg3 Kf7 49. a5 Kg8 50. Kf3 Kf7 51. Ke3 Ke6 52. Kd3 Ke7 53. Bb8 Nd6 {[%emt 0:00:50] Weighted Error Value: White=0.14 (very precise) /Black=0.15 (very precise) .  Mistake:       	White=4     	Black=2      Inaccurate:     	White=2     	Black=4      OK:         	White=18    	Black=15     Strong:       	---       	Black=1} 1/2-1/2

[Event "1000GM Schev-C-A February 2024"]
[Site "Santa Clara"]
[Date "2024.02.24"]
[Round "1.5"]
[White "Cardoso Cardoso, Jose Gabriel"]
[Black "Zhou, Ruoyu"]
[Result "1-0"]
[ECO "C78"]
[WhiteElo "2477"]
[BlackElo "2112"]
[Annotator "TA"]
[PlyCount "129"]
[EventDate "2024.02.13"]
[EventType "schev"]
[EventCountry "USA"]
[SourceTitle "playchess.com"]
[Source "ChessBase"]
[SourceQuality "1"]
[TimeControl "5400+30"]

1. e4 e5 2. Nf3 Nc6 3. Bb5 a6 4. Ba4 Nf6 5. O-O b5 6. Bb3 Bc5 7. a4 Rb8 8. c3 d6 9. d4 Bb6 10. a5 {[%emt 0:00:20] C78: Ruy Lopez: Archangelsk and Möller Defences.} Ba7 11. h3 Bb7 12. Re1 O-O 13. Be3 exd4 (13... Nxe4 $6 14. d5 $16) 14. cxd4 Nb4 (14... Nxe4 $2 {is the wrong capture.} 15. d5 $18) 15. d5 (15. Nc3 $5) 15... Bxe3 (15... c5 {keeps more tension.} 16. dxc6 Bxe3 17. cxb7 Bc5) 16. Rxe3 c5 17. Nc3 Re8 18. Qd2 c4 $146 ({Predecessor:} 18... Nd7 19. Bc2 Nxc2 20. Qxc2 Bc8 21. Ne2 Qf6 22. Re1 b4 23. Nc1 Ne5 24. Nxe5 Qxe5 {½-½ Tabatabaei,M (2629)-Schitco,I (2467) Titled Tuesday intern op 21st April blitz 2020 (4)}) 19. Bc2 Nxc2 20. Qxc2 Nd7 21. Nd4 Ne5 22. Rg3 (22. Nce2 $11) 22... Qf6 (22... g6 $1 $15 {should be considered.}) 23. Nf5 $11 Ng6 24. Ne2 Qe5 25. Re3 Ne7 26. Nfd4 f5 27. exf5 (27. Nxf5 $14 Nxf5 28. exf5 Qxd5 29. Nf4) 27... Qxd5 $11 28. Rg3 Qe4 ({Black should try} 28... Rf8 $11) 29. Qc3 (29. f6 Qxc2 (29... Ng6 30. Qd2 $16) 30. Rxg7+ Kh8 31. Nxc2 Nf5 32. Rxb7 Rxb7 $15) 29... Qe5 $1 30. Re3 Qf6 $1 31. Re6 Nd5 $1 32. Qg3 Rxe6 33. fxe6 Rd8 34. Ra3 Qg6 35. Qh4 (35. Qxg6 {simplifies} hxg6 36. Rg3 Kh7 37. f3) 35... Qf6 36. Qe4 Qe5 37. Ng3 Qxe4 38. Nxe4 Nf4 $2 (38... Ne7 $11 {and Black is okay.} 39. f3 Bxe4 40. fxe4 Re8) 39. e7 $1 $18 Re8 40. Nxd6 Rxe7 41. Re3 Kf8 ({Not} 41... Rxe3 $2 42. fxe3 Nxh3+ 43. gxh3 $18) 42. Rxe7 Kxe7 43. Nxb7 Nd3 {[%emt 0:00:15] [#]} 44. Nxb5 $1 Kd7 45. Na3 Kc7 46. Nxc4 Kxb7 {[%emt 0:00:05] [#]} 47. Kf1 $1 Kc6 48. Ke2 Nf4+ 49. Kf3 Ne6 50. Ke4 Kb5 51. Nd2 Kxa5 (51... Nc5+ $142 52. Kd4 Ne6+ 53. Ke5 Nc5) 52. f4 $18 Kb4 53. g4 a5 54. h4 a4 55. f5 Nc5+ 56. Ke3 h6 57. g5 hxg5 58. hxg5 Nd7 59. Kd4 Nf8 60. g6 Nd7 61. Ne4 Nf8 62. Nc5 Kb5 63. Kd5 Kb4 64. Kd6 Kb5 65. Nxa4 1-0

[Event "1000GM Schev-C-A February 2024"]
[Site "Santa Clara"]
[Date "2024.02.24"]
[Round "2.1"]
[White "Delgado Ramirez, Neuris"]
[Black "Tang, Dylan"]
[Result "1/2-1/2"]
[ECO "C01"]
[WhiteElo "2517"]
[BlackElo "2206"]
[Annotator "TA"]
[PlyCount "130"]
[EventDate "2024.02.13"]
[EventType "schev"]
[EventCountry "USA"]
[SourceTitle "playchess.com"]
[Source "ChessBase"]
[SourceQuality "1"]
[TimeControl "5400+30"]

1. c4 e6 2. e4 d5 3. exd5 exd5 4. d4 Nf6 5. Nc3 Be7 6. cxd5 Nbd7 {[%emt 0:04:04] C01: French: Exchange Variation.} 7. Nf3 Nb6 8. Bb5+ Bd7 9. Bd3 Nbxd5 10. O-O Bg4 11. Re1 O-O 12. Bg5 $146 ({Predecessor:} 12. h3 Bh5 13. Bg5 Re8 14. Re5 Bg6 15. Bxg6 hxg6 16. Qb3 Nxc3 17. bxc3 b6 18. Qa4 Bd6 19. Ree1 Qd7 {½-½ Miezis,N (2518)-Ovsejevitsch,S (2594) Dresden ZMD op 2010 (7)}) 12... h6 13. Bh4 Re8 14. h3 Be6 15. Ne5 Nf4 16. Bf1 N6d5 17. Bg3 Bd6 18. Qf3 Qf6 $1 19. Kh2 Nxc3 20. bxc3 Nd5 21. c4 Qxf3 22. Nxf3 Bxg3+ 23. fxg3 Nb6 24. c5 Nd7 25. Nd2 Bd5 26. Bb5 c6 (26... Rxe1 $15 27. Rxe1 Nf8) 27. Bc4 $11 Bxc4 28. Nxc4 b6 29. Nd6 Rxe1 30. Rxe1 Kf8 31. cxb6 axb6 32. Rc1 c5 33. dxc5 Nxc5 (33... Rxa2 $2 34. c6 g6 35. c7 $18 (35. cxd7 Ke7 $18)) 34. Rc2 Ke7 35. Nf5+ Kf6 36. g4 h5 37. Ne3 Kg6 38. gxh5+ Kxh5 39. Nc4 Na4 40. g4+ Kh6 41. Nd6 Ra7 42. h4 Nc5 43. Rf2 f6 44. Re2 Nd3 45. Kg3 Nc1 46. Re8 Kh7 47. h5 Ra3+ 48. Kh4 g5+ 49. hxg6+ Kxg6 50. Rg8+ Kh7 51. Rc8 Ne2 52. Rc7+ Kg8 ({Inferior is} 52... Kg6 53. Nf5) 53. g5 fxg5+ 54. Kxg5 Rg3+ 55. Kf5 Rf3+ 56. Ke5 Re3+ 57. Kd5 Nf4+ 58. Kc6 Rc3+ 59. Kb7 (59. Kxb6 $2 {perishes.} Nd5+ 60. Ka5 Rxc7 $19 (60... Nxc7 $2 61. a4 $19)) 59... Rxc7+ 60. Kxc7 Nd5+ 61. Kb7 Nc3 62. a3 Nb1 63. Nb5 Nxa3 64. Nxa3 b5 65. Nxb5 Kh8 1/2-1/2

[Event "1000GM Schev-C-A February 2024"]
[Site "Santa Clara"]
[Date "2024.02.24"]
[Round "2.2"]
[White "Arenas, David"]
[Black "Min, Ryan"]
[Result "1-0"]
[ECO "A26"]
[WhiteElo "2406"]
[BlackElo "2063"]
[Annotator "TA"]
[PlyCount "93"]
[EventDate "2024.02.13"]
[EventType "schev"]
[EventCountry "USA"]
[SourceTitle "playchess.com"]
[Source "ChessBase"]
[SourceQuality "1"]
[TimeControl "5400+30"]

1. c4 Nf6 2. Nc3 g6 3. g3 Bg7 4. Bg2 O-O 5. Nf3 d6 6. O-O e5 7. d3 Nc6 8. Rb1 a5 9. a3 h6 10. b4 axb4 11. axb4 Be6 12. Nd2 Qc8 13. Nd5 Re8 14. b5 Ne7 {[%emt 0:00:18] White is slightly better.} 15. Nxf6+ Bxf6 16. b6 {[%emt 0:00:09] aiming for bxc7.} d5 17. bxc7 Qxc7 18. Qb3 dxc4 19. Nxc4 (19. Qxb7 Qxb7 20. Bxb7 cxd3 $18) 19... Rab8 {[%emt 0:08:31] Hoping for ...b5.} 20. Qb6 (20. Bxb7 Bd5 21. Bxd5 Rxb3 22. Bxf7+ Kxf7 $15) (20. Bxh6 $2 b5 21. Bd2 bxc4 $19) 20... Qd7 (20... Qxb6 $14 21. Rxb6 Bg7) 21. Nd6 $16 {[%emt 0:06:32] White is much more active.} Rf8 (21... Red8 {is a better defense.}) 22. Ne4 (22. Bxb7 $6 Bh3) (22. Nxb7 $6 Nf5 $16) 22... Nd5 {[%emt 0:03:58] [#]} (22... Bg7 $142 23. Nc5 Qc8 24. Nxe6 (24. Bxb7 Rxb7 25. Nxb7 Nd5 $14) 24... Qxe6 25. Qxe6 (25. Bxb7 Qxb6 26. Rxb6 Rfd8 $16) 25... fxe6 26. Bxb7 Nf5) 23. Bxh6 $2 Bg7 24. Qa5 {[%emt 0:01:55] Black must now prevent Bxg7.} ({Don't play} 24. Bxg7 Nxb6 25. Bxf8 Kxf8 $11) 24... Bxh6 {[%emt 0:07:33] [#]} 25. Qxd5 $1 Qxd5 26. Nf6+ Kg7 {[%emt 0:00:17] White leaves nothing to chance now.} 27. Nxd5 Bxd5 28. Bxd5 b5 29. Rb2 Rfc8 (29... Rfd8 $142 30. Bb3 Bg5) 30. Rfb1 Rc1+ {[%emt 0:00:59] [#]} 31. Rxc1 $1 Bxc1 {[%emt 0:00:07][%mdl 4096] Endgame. KRB-KRB} 32. Rc2 Ba3 33. Rc7 Rf8 34. Rb7 b4 35. h4 Kf6 36. Kg2 Kg7 37. g4 Kf6 $2 (37... Bc1 {was necessary.} 38. Rxb4 Rh8) 38. Kg3 Kg7 39. g5 Kg8 40. e3 Kg7 41. Kf3 Kh8 42. Ke4 (42. Bxf7 Kg7 43. Rb6 Rxf7+ 44. Ke4 Rxf2 45. Kxe5 Rf3 46. Rb7+ Rf7 $19) 42... f6 {[%emt 0:01:01] [#]} (42... Kg7 $18 43. Kxe5 b3 44. Bxb3 (44. Rxb3 Re8+ 45. Kf4 Rd8 $18) 44... Re8+ 45. Kf4 Re7) 43. h5 $1 {[%emt 0:00:52][%mdl 512] White mates.} Bb2 (43... f5+ 44. Kxe5) 44. d4 exd4 45. hxg6 ({Not} 45. Rxb4 Ba3 46. Rb7 (46. Rxd4 fxg5 47. Ra4 Bc5 $16) 46... Re8+ 47. Kxd4 fxg5 $18) 45... f5+ 46. Kd3 dxe3 47. Rh7# {[%emt 0:00:08] Weighted Error Value: White=0.14 (very precise) /Black=0.43.  Mistake:       	White=1     	Black=6      Inaccurate:     	---       	Black=1      OK:         	White=14    	Black=6      Best:        	White=2     	Black=3      Strong:       	White=1     	---        Brilliant:      	White=2     	---} 1-0

[Event "1000GM Schev-C-A February 2024"]
[Site "Santa Clara"]
[Date "2024.02.24"]
[Round "2.3"]
[White "Jimenez Garcia, Emmanuel"]
[Black "Atwell, Rose"]
[Result "1-0"]
[ECO "A07"]
[WhiteElo "2394"]
[BlackElo "2104"]
[Annotator "RC"]
[PlyCount "123"]
[EventDate "2024.02.13"]
[EventType "schev"]
[EventCountry "USA"]
[SourceTitle "playchess.com"]
[Source "ChessBase"]
[SourceQuality "1"]
[TimeControl "5400+30"]

1. Nf3 d5 2. g3 Nf6 3. Bg2 c6 4. O-O Bg4 5. h3 Bh5 6. d3 Nbd7 7. Nbd2 e5 8. e4 dxe4 9. dxe4 Be7 10. Nc4 Qc7 11. Qe1 O-O 12. Nh4 Rfe8 13. Nf5 Bf8 14. Be3 Nc5 15. f3 b5 16. Qa5 Qb8 17. Nd2 Nfd7 18. Nb3 f6 19. Rfd1 Bf7 20. Qc3 Nxb3 21. axb3 Qc7 22. Ra6 Rec8 23. Rda1 b4 24. Qe1 c5 25. Bf1 Nb6 26. Bf2 Rd8 27. Ne3 Rd7 28. Bb5 Rd6 29. Nf5 Rdd8 30. Ne3 Be6 31. Bc4 Nxc4 32. bxc4 Qf7 33. b3 f5 34. Rxe6 Qxe6 35. exf5 Qc6 36. Nd5 Rxd5 37. cxd5 Qxd5 38. Kg2 Re8 39. Qe4 Rd8 40. Qxd5+ Rxd5 41. Be3 Rd7 42. g4 Kf7 43. g5 Be7 44. h4 Bd6 45. Kh3 Ke7 46. Kg4 Rc7 47. h5 Kf8 48. Ra6 Be7 49. h6 gxh6 50. Rxh6 Kg8 51. Re6 Kf7 52. Rxe5 c4 53. f6 Bd6 54. Ra5 cxb3 55. cxb3 Rc3 56. Rxa7+ Kg8 57. f7+ Kf8 58. g6 Rxe3 59. Ra8+ Kg7 60. Rg8+ Kh6 61. g7 Re5 62. f4 1-0

[Event "1000GM Schev-C-A February 2024"]
[Site "Santa Clara"]
[Date "2024.02.24"]
[Round "2.4"]
[White "Rajaram, Rohan"]
[Black "Cardoso Cardoso, Jose Gabriel"]
[Result "0-1"]
[ECO "A63"]
[WhiteElo "2151"]
[BlackElo "2477"]
[Annotator "TA"]
[PlyCount "102"]
[EventDate "2024.02.13"]
[EventType "schev"]
[EventCountry "USA"]
[SourceTitle "playchess.com"]
[Source "ChessBase"]
[SourceQuality "1"]
[TimeControl "5400+30"]

1. d4 Nf6 2. c4 e6 3. g3 c5 4. d5 exd5 5. cxd5 d6 6. Nc3 g6 7. Bg2 Bg7 8. Nf3 O-O 9. O-O Re8 10. Re1 a6 11. a4 Nbd7 12. h3 Rb8 13. Bf4 Qc7 14. Rc1 Nh5 (14... b5 $142) 15. Bd2 $1 $11 b5 {[%emt 0:02:02] [#]} 16. b4 $1 Qa7 17. g4 Nhf6 18. Rb1 bxa4 19. Qxa4 cxb4 20. Rxb4 Nc5 21. Qa3 Rxb4 22. Qxb4 Bd7 23. Rb1 ({White should try} 23. Be3 $11) 23... a5 $1 $36 {[%emt 0:03:11][%mdl 2048] Black has good play.} 24. Qa3 Nfe4 (24... a4 $17 25. Be3 h5 26. gxh5 Nxh5) 25. Nxe4 $11 Nxe4 26. Be3 Qa6 27. Bf1 (27. Nd4 $11 {keeps the balance.}) 27... a4 $17 28. Bd4 Bxd4 29. Nxd4 Qc4 30. e3 Qxd5 {[%emt 0:00:10] Black is more active.} 31. Rc1 (31. Bg2 $17 {was worth a try.}) 31... Nc5 32. Bg2 Qe5 33. Rd1 Rb8 34. Qc3 Ne6 35. Re1 $2 {[%emt 0:02:24] Loses the game.} (35. Ne2 $17 Be8 36. Bf3) 35... Rc8 36. Qd2 Qc5 37. Ne2 a3 {[%emt 0:01:41] aiming for ...Rb8.} 38. Rc1 (38. Ra1 $17) 38... Qb6 $19 39. Rxc8+ Bxc8 40. Bd5 Qb1+ 41. Kh2 Nc5 42. g5 (42. Nc3 $142 Qb4 43. f3) 42... Qb2 43. Qa5 (43. Qxb2 $142 axb2 44. Nc3) 43... Kg7 {[%emt 0:00:11][%cal Oc8b7] White must now prevent ...Bb7!} (43... Qxe2 44. Qd8+ Kg7 45. Qf6+ (45. Qxc8 $2 Qxf2+ 46. Kh1 Qe1+ 47. Kh2 a2 $19) 45... Kg8 46. Qxf7+ Kh8 47. Qg8#) 44. Qc7 (44. Qc3+ $142 Kf8 45. Qd4) 44... Be6 (44... Qxe2 45. Qxf7+ Kh8 46. Qg8#) 45. Qxd6 (45. Bxe6 $142 Nxe6 (45... Qxe2 46. Qxf7+ Kh8 47. Qg8#) 46. Qc3+ Qxc3 47. Nxc3) 45... Bxd5 (45... Qxe2 46. Qe5+ Kf8 47. Qd6+ Ke8 48. Qc6+ Bd7 49. Bxf7+ Kxf7 50. Qf6+ Kg8 51. Qd8+ Kf7 52. Qf6+ Ke8 (52... Kg8 53. Qd8+ Kg7 54. Qe7+ Kg8 55. Qd8+ $11) 53. Qh8+ Kf7 54. Qf6+ $11) 46. Qxd5 {[%emt 0:01:01][%mdl 4096] Endgame. KQN-KQN} a2 (46... Qxe2 47. Qe5+ Kf8 (47... Kg8 48. Qb8+ Kg7 49. Qe5+ f6 50. Qe7+ Kg8 51. Qe8+ Kg7 52. Qe7+ Kg8 53. Qe8+ Kg7 54. Qe7+ $11) 48. Qxc5+ Kg8 49. Qc8+ Kg7 50. Qc3+ Kg8 51. Qc8+ Kg7 52. Qc3+ Kg8 53. Qc8+ $11) 47. Nd4 Qxf2+ {[%emt 0:00:07] Black mates.} ({Inferior is} 47... a1=B 48. Qe5+ Kg8 49. Qe8+ Kg7 50. Qe5+ Kg8 51. Qe8+ Kg7 52. Qe5+ $11) 48. Qg2 Qxg2+ ({Not} 48... a1=Q 49. Qxf2 Ne4 50. Qc2 $15) 49. Kxg2 a1=Q 50. Nf3 Ne4 51. h4 Qb2+ {[%emt 0:00:05] Weighted Error Value: White=0.79/Black=0.36.  Loses game:     	White=1     	---        Mistake:       	White=9     	Black=2      Inaccurate:     	White=1     	Black=4      OK:         	White=5     	Black=10     Best:        	White=2     	Black=2      Strong:       	White=1     	Black=1} 0-1

[Event "1000GM Schev-C-A February 2024"]
[Site "Santa Clara"]
[Date "2024.02.24"]
[Round "2.5"]
[White "Zhou, Ruoyu"]
[Black "Zuluaga Mancilla, Cesar"]
[Result "1-0"]
[ECO "B41"]
[WhiteElo "2112"]
[BlackElo "2251"]
[Annotator "TA"]
[PlyCount "125"]
[EventDate "2024.02.13"]
[EventType "schev"]
[EventCountry "USA"]
[SourceTitle "playchess.com"]
[Source "ChessBase"]
[SourceQuality "1"]
[TimeControl "5400+30"]

1. e4 c5 2. Nf3 e6 3. d4 cxd4 4. Nxd4 a6 5. c4 Nf6 6. Nc3 Qc7 7. a3 b6 8. f4 {[%emt 0:01:16] B41: Sicilian: Kan Variation: 5 c4.} d6 9. Bd3 Bb7 10. f5 Nc6 11. Be3 Nd8 $146 ({Predecessor:} 11... Nxd4 12. Bxd4 Be7 13. Qe2 O-O 14. O-O Rae8 15. fxe6 fxe6 16. e5 dxe5 17. Bxe5 Qc5+ {½-½ Martin Barcelo,C (2222)-Villa Tornero,A (2321) Barcelona Tancat 2024 (6)}) 12. O-O Be7 13. Rc1 O-O 14. b4 Nd7 15. Be2 Bf6 16. Qe1 (16. fxe6 $16 fxe6 17. Bg4) 16... Ne5 17. Qf2 Rc8 18. Rfd1 Qb8 (18... Nxc4 $2 {too greedy.} 19. Bxc4 Qb8 (19... Qxc4 $2 20. Na4 $18) 20. Ba2 $18) 19. Qf1 Qa8 20. Na4 Nd7 21. Nf3 Bc6 $1 22. Nxb6 Nxb6 23. Bxb6 Qb8 ({Better is} 23... Bxe4 $14 24. Rxd6 a5) 24. c5 Nb7 $2 (24... Bxe4 $16 25. Rxd6 a5 26. bxa5 exf5) 25. Bxa6 $18 Bxe4 26. Bxb7 (26. fxe6 $142 fxe6 27. Qe2) 26... Qxb7 $18 27. Rxd6 Bxf5 28. Qb5 (28. a4 $18 {is more deadly.}) 28... Qe4 (28... Be4 $16) 29. c6 $18 g5 $2 (29... Qf4 $16 30. Rdd1 e5) 30. Qc4 $18 g4 31. Qxe4 Bxe4 32. Nd4 (32. Rc4 $18 Be7 33. Rxe4 Bxd6 34. Rxg4+ Kh8 35. Rc4) 32... Be5 33. Rd7 Bf4 (33... Bxd4+ 34. Rxd4 Rxc6 35. Rxc6 Bxc6 36. Rxg4+ Kh8 37. Bc5) 34. Re1 Bxc6 35. Nxc6 Rxc6 36. Bc5 Re8 (36... Ra8 $16 {was called for.}) 37. Rd4 $18 Bh6 (37... Bc7 {keeps fighting.} 38. Rxg4+ Kh8) 38. Rxg4+ $18 Bg7 39. Bd4 e5 40. Rxe5 ({Don't take} 40. Bxe5 f6 $18) 40... Rxe5 41. Bxe5 f6 42. Bb2 Kf7 43. b5 Rc2 44. Rb4 Bf8 45. Rb3 Bc5+ 46. Kh1 Bb6 (46... Rd2 {was necessary.} 47. g3 Rd1+ 48. Kg2 Rd2+ 49. Kf1 Bb6) 47. g3 Ke6 48. Rc3 Rxb2 49. Rc6+ Kf5 50. Rxb6 h5 $2 (50... Kg4 51. Rxf6 Rxb5 52. Rf4+ Kg5 53. h4+ Kg6) 51. a4 $18 Ra2 52. Ra6 Kg4 53. Rxf6 Kh3 54. Kg1 Rxa4 55. Rf4 Ra1+ 56. Kf2 Ra2+ 57. Kf3 Ra3+ 58. Ke4 Kxh2 59. Rh4+ Kxg3 60. Rxh5 Kg4 61. Rc5 Rb3 62. Kd5 Rb1 63. Kc6 1-0